 Dungeon Crawl Stone Soup version 0.17.0-24-gcfadda4 (console) character file.

149 gw the Ruffian (level 5, 0/46 HPs)
             Began as a Minotaur Monk on Nov 16, 2015.
             Killed from afar by Natasha (7 damage)
             ... with a magic dart
             ... on level 3 of the Dungeon.
             The game lasted 00:01:45 (2337 turns).

gw the Ruffian (Minotaur Monk)                      Turns: 2337, Time: 00:01:45

Health: 0/46       AC:  2    Str: 12 (15) XL:     5   Next: 9%
Magic:  4/4        EV: 13    Int:  7      God:
Gold:   126        SH:  0    Dex: 14      Spells: 0 memorised, 4 levels left

rFire  . . .     SeeInvis .       - Unarmed
rCold  . . .     Clarity  .     a - +0 robe
rNeg   . . .     SustAt   .     (no shield)
rPois  .         Gourm    .     (helmet restricted)
rElec  .         Spirit   .     (no cloak)
rCorr  .         Warding  .     (no gloves)
rMut   .         Stasis   .     (no boots)
MR     .....                    (no amulet)
Stlth  ++........               (no ring)
                                (no ring)

@: slowed, very slow, not resistant to hostile enchantments, unstealthy
A: retaliatory headbutt, horns 2
a: no special abilities


You were on level 3 of the Dungeon.
You were not hungry.

You visited 1 branch of the dungeon, and saw 3 of its levels.

You collected 126 gold pieces.

Inventory:

Missiles
 d - 53 stones
 e - 8 tomahawks (quivered)
 l - 12 poisoned needles
Armour
 a - a +0 robe (worn)
Wands
 f - a wand of flame (16)
Scrolls
 g - a scroll of recharging
 j - a scroll of remove curse
 m - 2 scrolls of fog
 n - a scroll of identify
Potions
 c - a potion of resistance
Comestibles
 b - 2 bread rations
 h - a chunk of flesh


   Skills:
 + Level 4.2 Fighting
 + Level 2.0 Throwing
 + Level 2.6 Armour
 - Level 3.2 Dodging
 - Level 1.5 Stealth
 * Level 5.5 Unarmed Combat


You had 4 spell levels left.
You didn't know any spells.

Dungeon Overview and Level Annotations

Branches:
Dungeon (3/15)

Altars:
Fedhas

Annotations:
D:3 Natasha


Innate Abilities, Weirdness & Mutations

You reflexively headbutt those who attack you in melee.
You have a pair of horns on your head.


Message History

You feel yourself slow down.
ATTACK MOVE TO (0,-1) Natasha casts a spell at you.
You resist with some effort.
ATTACK MOVE TO (1,-1) Natasha misses you.
ATTACK MOVE TO (0,-1)
You barely miss Natasha. Natasha barely misses you.
ATTACK MOVE TO (0,-1)
You miss Natasha. Your headbutt misses Natasha. Natasha casts a spell at you.
The magic dart hits you!
ATTACK MOVE TO (0,-1)
You closely miss Natasha. You headbutt Natasha!
Natasha is almost dead.
Natasha casts a spell at you.
You feel as though you will be slow longer.
Natasha casts a spell at you. The magic dart hits you!
You die...

##..#####.#
##.## .#
###..####.####
#............#
#............#
#.....<......#
#............#
#.......h....#
#......%H....#
######..#.######
#.......?...
#...........
#..%.)......
#...).......
#..)........
#...........
#....>.$....


You could see Natasha.

Table legend:
 A = Turns spent in this place as a percentage of turns spent in the entire game.
 B = Non-inter-level travel turns spent in this place as a percentage of non-inter-level travel turns spent in the entire game.
 C = Inter-level travel turns spent in this place as a percentage of turns spent in this place.
 D = Turns resting spent in this place as a percentage of non-inter-level travel turns spent in this place.
 E = Turns spent auto-exploring this place as a percentage of non-inter-level travel turns spent in this place.
 F = Non-inter-level travel turns spent in this place divided by the number of levels of this place that you've seen.
                   A       B       C       D       E      F
               +-------+-------+-------+-------+-------+----------------------
         Total | 100.0 | 100.0 |   0.4 |   1.2 |   2.6 | 1036.3
       Dungeon | 100.0 | 100.0 |   0.4 |   1.2 |   2.6 | 1036.3
               +-------+-------+-------+-------+-------+----------------------

Table legend:
 A = Kills in this place as a percentage of kills in entire the game.
 B = Kills by you in this place as a percentage of kills by you in the entire game.
 C = Kills by friends in this place as a percentage of kills by friends in the entire game.
 D = Other kills in this place as a percentage of other kills in the entire game.
 E = Experience gained in this place as a percentage of experience gained in the entire game.
 F = Experience gained in this place divided by the number of levels of this place that you have seen.
                   A       B       C       D       E      F
               +-------+-------+-------+-------+-------+----------------------
         Total | 100.0 | 100.0 |  -nan |  -nan | 100.0 |  71.0
       Dungeon | 100.0 | 100.0 |  -nan |  -nan | 100.0 |  71.0
               +-------+-------+-------+-------+-------+----------------------

Vanquished Creatures
  Natasha (D:3)
  2 adders (D:2)
  4 gnolls
  2 oozes (D:2)
  A worm (D:2)
  3 giant geckos
  6 bats
  3 giant cockroaches
  2 hobgoblins
  8 kobolds
  5 giant newts
  9 goblins
  3 quokkas
  6 rats
55 creatures vanquished.

Vanquished Creatures (others)
  A fungus (D:2)
1 creature vanquished.

Grand Total: 56 creatures vanquished

Notes
Turn   | Place    | Note
--------------------------------------------------------------
     0 | D:1      | gw the Minotaur Monk began the quest for the Orb.
     0 | D:1      | Reached XP level 1. HP: 19/19 MP: 0/0
   149 | D:1      | Reached XP level 2. HP: 27/27 MP: 1/1
   153 | D:1      | Reached skill level 1 in Armour
   331 | D:1      | Reached skill level 1 in Throwing
   789 | D:2      | Reached XP level 3. HP: 33/33 MP: 2/2
   990 | D:2      | Reached skill level 5 in Unarmed Combat
  1541 | D:2      | Reached XP level 4. HP: 25/40 MP: 3/3
  1860 | D:2      | Found a blossoming altar of Fedhas.
  2231 | D:3      | Noticed Natasha
  2238 | D:3      | Killed Natasha
  2318 | D:3      | Reached XP level 5. HP: 21/46 MP: 4/4
  2329 | D:3      | Noticed Natasha
  2337 | D:3      | Killed from afar by Natasha

Action                   |  1- 3 |  4- 6 || total
-------------------------+-------+-------++-------
Melee: Unarmed           |    77 |    36 ||   113
Throw: Stone             |    48 |    15 ||    63
  Use: Scroll            |     1 |     4 ||     5
       Potion            |       |     6 ||     6
 Stab: Sleeping          |     1 |     3 ||     4
  Eat: Chunk             |     2 |     3 ||     5

Vault maps used:
D:1:      wheals_arrival_shading
D:2:      first_bread, grunt_ministairs_6, hex_intersection, fedhas_altar_3
D:3:      overflow_temple_1_default, uniq_natasha
